Map: Ever Dream LE

Players

SouLeer - Winner!

  • Race: Zerg Zerg
  • Spawn Location: 7:00

soul

  • Race: Terran Terran
  • League: Grandmaster
  • Spawn Location: 1:00

Event: DreamHack SC2 Masters 2020 Fall

VOD

Have the link to the VOD?

Description

Time

  • Played on: Sept. 5, 2020, 12:43 p.m.
  • Length: 6:09

All games in this series

Show
View Real Time Build Order
Export as new Build Order

SouLeer Zerg - Winner!

Build Orders: Pool First 

Get SALT Encoding   

  12  0:00  Drone  
  13  0:13  Overlord  
  13  0:16  Drone  
  14  0:26  Drone, Extractor  
  14  0:31  Drone  
  15  0:35  Drone  
  16  0:48  Spawning Pool  
  15  0:50  Drone  
  16  1:16  Hatchery  
  15  1:34  Zergling x6  
  15  1:36  Metabolic Boost  
  18  1:46  Zergling x2  
  19  1:51  Queen  
  21  2:00  Zergling x2  
  22  2:09  Overlord  
  22  2:28  Zergling x4  
  24  2:31  Zergling x2  
  25  2:40  Zergling x4  
  27  2:49  Drone  
  27  2:55  Drone  
  27  2:56  Queen  
  30  3:00  Drone  
  31  3:09  Drone  
  31  3:16  Drone  
  31  3:17  Drone x2  
  34  3:22  Drone x2  
  33  3:27  Drone  
  33  3:28  Drone  
  32  3:36  Drone x2  
  32  3:44  Drone, Roach Warren  
  32  3:47  Drone  
  33  3:48  Extractor  
  33  3:49  Drone  
  33  3:51  Drone  
  33  3:54  Drone  
  35  3:57  Extractor  
  35  3:58  Overlord  
  34  4:05  Zergling x2  
  34  4:09  Overlord  
  35  4:17  Zergling x4  
  35  4:20  Overlord  
  35  4:21  Overlord  
  37  4:24  Roach x2  
  37  4:29  Roach  
  37  4:30  Roach  
  45  4:37  Roach  
  47  4:39  Roach  
  47  4:43  Roach  
  51  4:46  Roach  
  51  4:49  Roach  
  51  4:52  Roach  
  57  4:57  Overlord  
  56  5:05  Ravager x3  
  56  5:06  Overlord  
  59  5:16  Ravager  
  59  5:18  Zergling x10  
  65  5:21  Zergling x2  
  65  5:26  Zergling x4  
  69  5:28  Ravager  
  69  5:30  Zergling x2  
  70  5:37  Zergling x6  
  70  5:40  Ravager  
  74  5:45  Zergling x4  
  74  5:49  Zergling x4  
Show
View Real Time Build Order
Export as new Build Order

soul Terran 

Build Orders:  

Get SALT Encoding   

  12  0:00  SCV  
  13  0:13  Supply Depot  
  13  0:18  SCV  
  14  0:30  SCV  
  15  0:38  Barracks  
  15  0:50  Barracks  
  15  0:54  SCV  
  16  1:06  SCV  
  17  1:24  Refinery, Marine  
  17  1:25  Orbital Command  
  18  1:30  Supply Depot  
  18  1:37  Marine  
  19  1:42  Marine  
  20  1:51  SCV  
  21  1:54  Bunker  
  21  1:55  Marine  
  21  2:00  Marine  
  23  2:03  SCV  
  24  2:11  Bunker  
  24  2:12  Marine  
  25  2:16  SCV  
  25  2:18  Marine  
  27  2:28  SCV  
  27  2:30  Marine  
  27  2:36  Marine  
  29  2:40  SCV  
  29  2:42  Factory  
  30  2:52  SCV  
  29  3:04  SCV  
  27  3:16  SCV  
  26  3:27  Hellion  
  26  3:28  SCV  
  21  3:35  Supply Depot  
  21  3:40  SCV  
  20  3:50  Factory Reactor  
  20  3:52  SCV  
  21  4:04  SCV  
  22  4:13  Command Center  
  22  4:17  SCV  
  23  4:22  Starport  
  23  4:29  Hellion, SCV  
  26  4:35  Hellion  
  28  4:41  SCV  
  29  4:46  Refinery, Marine  
  29  4:48  Marine  
  31  4:53  SCV  
  34  5:00  Hellion  
  34  5:02  Medivac  
  34  5:06  Barracks Tech Lab  
  36  5:11  SCV  
  37  5:23  SCV  
  37  5:27  Marine x2  
  41  5:35  SCV, Marauder  
  43  5:40  Factory Tech Lab  
  42  5:45  Marine  
  42  5:47  SCV  

Tags
 
Add a new tag
Caveats
  • Supply blocks, unpowered buildings, or Contaminate may cause inaccurate times.
  • Supply counts are checked every 10 seconds.